 Dungeon Crawl Stone Soup version 0.29-a0-356-g7bc237e783 (webtiles) character file.

Game seed: 16343089742544565901

367 ytrimaz the Ruffian (level 6, 0/48 HPs)
             Began as a Demonspawn Berserker on Mar 21, 2022.
             Was a Priest of Trog.
             Splashed by a jelly's acid (8 damage)
             ... on level 4 of the Dungeon on Apr 26, 2022.
             The game lasted 00:07:17 (3467 turns).

ytrimaz the Ruffian (Demonspawn Berserker)          Turns: 3467, Time: 00:07:18

Health: 0/48       AC: -11   Str: 19    XL:     6   Next: 41%
Magic:  6/6        EV: 12    Int:  4    God:    Trog [***...]
Gold:   95         SH:  0    Dex: 12    Spells: 5/5 levels left

rFire   . . .      SeeInvis .     - Unarmed
rCold   + + .      Faith    .   (no shield)
rNeg    + . .      Spirit   .   f - +1 robe of Paghoc {Rampage rC+ Regen+ Int-5}
rPois   .          Reflect  .   (no helmet)
rElec   .          Harm     .   a - +0 cloak
rCorr   .          Rampage  +   (no gloves)
Will    .....                   (no boots)
Stlth   +.........              (no amulet)
HPRegen 0.96/turn               k - ring of positive energy
MPRegen 0.10/turn               i - ring of protection from cold

@: corroded
A: claws 2, powered by pain 1
a: Renounce Religion, Berserk, Trog's Hand


You were on level 4 of the Dungeon.
You worshipped Trog.
Trog was most pleased with you.
You visited 1 branch of the dungeon, and saw 4 of its levels.
You also visited: Sewer.

You collected 235 gold pieces.
You spent 140 gold pieces at shops.

Inventory:

Armour
 a - a +0 cloak (worn)
 e - a +0 chain mail
 f - the +1 robe of Paghoc (worn) {Rampage rC+ Regen+ Int-5}
   (You found it on level 2 of the Dungeon)

   Int:       It affects your intelligence (-5).
   rC:        It protects you from cold.
   Regen:     It increases your rate of health regeneration.
   Rampage:   It bestows one free step when moving towards enemies.
Jewellery
 i - a ring of protection from cold (right claw)
 k - a ring of positive energy (left claw)
 n - a ring of positive energy
Wands
 g - a wand of digging (2)
 m - a wand of acid (7)
Scrolls
 b - a scroll of teleportation
 d - a scroll of summoning
 h - a scroll of brand weapon
 l - 2 scrolls of holy word
Potions
 c - a potion of resistance {unknown}
 j - a potion of curing
 o - a potion of mutation {unknown}
 p - a potion of flight {unknown}
 s - a potion of degeneration {unknown}


   Skills:
 + Level 3.9 Fighting
 - Level 3.2 Axes
 + Level 2.3 Armour
 + Level 2.7 Dodging
 * Level 4.3 Unarmed Combat


You had 5 spell levels left.
You didn't know any spells.
Your spell library was empty.

Dungeon Overview and Level Annotations

Branches:
Dungeon (4/15)              Sewer (visited)
 Temple: D:4-7

Altars:
Hepliaklqana

Shops:
D:2 (   D:3 *

Annotations:
D:2 exclusion: goblin


Innate Abilities, Weirdness & Mutations

You have very sharp fingernails.
You sometimes gain a little power by taking damage.


Message History

There is a stone staircase leading up here.
You start resting.
You are no longer corroded.
You start resting.
HP restored.
j - a potion of curing
p - a grey potion
Found a stone staircase leading down.
A jelly comes into view.
A jelly is nearby!
The jelly quivers.
The jelly hits you but does no damage.
You scratch the jelly.
Your claws burn!
The jelly is lightly wounded.
The jelly hits you. The acid corrodes you!
You are splashed with acid!
You scratch the jelly.
Your claws burn!
The jelly is moderately wounded.
The jelly completely misses you.
You scratch the jelly. The acid corrodes you!
Your claws burn!
The jelly is heavily wounded.
The jelly barely misses you.
You scratch the jelly but do no damage.
Your claws burn!
The jelly is heavily wounded.
You scratch the jelly but do no damage.
Your claws burn!
The jelly is heavily wounded.
The jelly closely misses you.
You scratch the jelly but do no damage.
Your claws burn!
The jelly is heavily wounded.
The jelly closely misses you.
You scratch the jelly but do no damage. The acid corrodes you!
Your claws burn!
The jelly is heavily wounded.
The jelly hits you. The acid corrodes you!
You are splashed with acid!
* * * LOW HITPOINT WARNING * * *
You scratch the jelly.
Your claws burn!
* * * LOW HITPOINT WARNING * * *
The jelly is severely wounded.
The jelly hits you.
* * * LOW HITPOINT WARNING * * *
The acid corrodes you!
You are splashed with acid!
You die...

###### #..... ##
#.... ... #.. #...#
... ...#... ##..
#.>.##### ...#
#J@#...# #..#
#......# #..#
####...# #####.#####
#####.##
#.##......#####.....#
#.....#..###.......##
......#..#...#.....#
..#.......#.##.....#
..######..........##


You could see a jelly.

Vanquished Creatures
  Pargi (Sewer)
  A jelly (D:4)
  Jessica (D:2)
  Natasha (thrice) (D:2)
  3 river rats (D:3)
  3 adders
  A worm (D:2)
  A dart slug (D:1)
  2 bats
  5 endoplasms
  A giant cockroach (D:3)
  9 goblins
  8 hobgoblins
  12 jackals
  3 quokkas
  12 ball pythons
  A frilled lizard (D:1)
  6 kobolds
  11 rats
84 creatures vanquished.

Notes
Turn   | Place    | Note
-------+----------+-------------------------------------------
     0 | D:1      | ytrimaz the Demonspawn Berserker began the quest for the
                  | Orb.
     0 | D:1      | Reached XP level 1. HP: 18/18 MP: 1/1
   342 | D:1      | Found a faded altar of an unknown god.
   344 | D:1      | Gained mutation: You sometimes gain a little power by
                  | taking damage. [demonic ancestry]
   344 | D:1      | Reached XP level 2. HP: 23/24 MP: 2/2
  1265 | D:1      | Gained mutation: You have sharp fingernails. [demonic
                  | ancestry]
  1265 | D:1      | Reached XP level 3. HP: 26/29 MP: 3/3
  1645 | D:2      | Found Reanlepu's Weapon Boutique.
  1795 | D:2      | Noticed Natasha
  1818 | D:2      | Killed Natasha
  1819 | D:2      | Reached skill level 1 in Unarmed Combat
  1819 | D:2      | Reached XP level 4. HP: 36/36 MP: 4/4
  1838 | D:2      | Noticed Natasha
  1852 | D:2      | Killed Natasha
  2135 | D:2      | Noticed Jessica
  2160 | D:2      | Killed Jessica
  2160 | D:2      | Reached ** piety under Trog
  2161 | D:2      | Reached skill level 2 in Unarmed Combat
  2337 | D:2      | Identified the +1 robe of Paghoc {Rampage rC+ Regen+ Int-5}
  2368 | D:2      | Noticed Natasha
  2375 | D:2      | Killed Natasha
  2376 | D:2      | Reached XP level 5. HP: 41/42 MP: 5/5
  2704 | D:2      | Upgraded the game from 0.29-a0-284-gf9362112df to
                  | 0.29-a0-356-g7bc237e783
  3077 | D:3      | Found a glowing drain.
  3092 | D:3      | Reached skill level 3 in Unarmed Combat
  3122 | D:3      | Reached *** piety under Trog
  3128 | Sewer    | Entered a sewer
  3204 | Sewer    | Noticed Pargi
  3220 | Sewer    | Killed Pargi
  3221 | Sewer    | Reached skill level 4 in Unarmed Combat
  3221 | Sewer    | Gained mutation: You have very sharp fingernails. [demonic
                  | ancestry]
  3221 | Sewer    | Reached XP level 6. HP: 48/48 MP: 6/6
  3337 | D:3      | Found Pesidaos's Assorted Antiques.
  3345 | D:3      | Bought a knobbly pearl ring for 140 gold pieces
  3371 | D:3      | Found a hazy altar of Hepliaklqana.
  3467 | D:4      | Splashed by a jelly's acid

Illustrated notes

Levels and vault maps discovered:
D:1:      wander_arrival_chamber, layout_basic,
          shapermc_ecumenical_altar_rom_forum, minmay_tromino_v4_b
D:2:      layout_basic, serial_shops,
          nicolae_shop_temple_entry_statues_fountains, minmay_goblin_outpost,
          uniq_natasha, uniq_jessica
D:3:      layout_rooms, nzn_hepliaklqana_mist_gate, portal_sewer_entry_c,
          serial_shops, shop_fountains
D:4:      minmay_chambers_of_fours, layout_cave_pools,
          gammafunk_ghost_stat_death

Skill      XL: |  1  2  3  4  5 |
---------------+----------------+-----
Axes           | 3 |  3.2
Dodging        | 2 |  2.7
Armour         | 2 |  2.3
Unarmed Combat | 1 2 4 |  4.3
Fighting       | |  3.9

Action                   |  1- 3 |  4- 6 || total
-------------------------+-------+-------++-------
Melee: Hand axe          |    73 |       ||    73
       Punch             |     2 |     3 ||     5
       Unarmed           |    52 |   170 ||   222
Invok: Berserk           |     1 |     2 ||     3
       Trog's Hand       |       |     1 ||     1
  Use: Scroll            |     2 |     6 ||     8
 Stab: Sleeping          |       |     1 ||     1
Armor: Animal skin       |    10 |       ||    10
       Chain mail        |    31 |     9 ||    40
       Robe              |       |    45 ||    45
Dodge: Dodged            |    79 |   139 ||   218

Table legend: (Time is in decaauts)
 A = Elapsed time spent in this place.
 B = Non-inter-level travel time spent in this place.
 C = Inter-level travel time spent in this place.
 D = Time resting spent in this place.
 E = Time spent auto-exploring this place.
 F = Levels seen in this place.
 G = Mean time per level.
                   A        B        C        D        E       F      G
               +--------+--------+--------+--------+--------+-----+--------+
         Total |   3508 |   3433 |     75 |    327 |   2319 |   5 |  701.6 |
       Dungeon |   3321 |   3246 |     75 |    315 |   2249 |   4 |  830.2 |
         Sewer |    187 |    187 |      0 |     12 |     70 |   1 |  187.0 |
               +--------+--------+--------+--------+--------+-----+--------+

Top non-repeatable levels by time:
     D:1: 1626 daAuts
     D:2: 1183 daAuts
     D:3: 435 daAuts
   Sewer: 187 daAuts
     D:4: 76 daAuts
